 Dungeon Crawl Stone Soup version 0.25-a0-651-g8c222c7a2b (webtiles) character file.

Game seed: 6554536475542795651, levelgen mode: deterministic

127 Kohma the Ruffian (level 4, -7/45 HPs)
             Began as a Troll Monk on Mar 22, 2020.
             Mangled by a hornet (8 damage)
             ... on level 2 of the Dungeon.
             The game lasted 00:03:21 (1353 turns).

Kohma the Ruffian (Troll Monk)                      Turns: 1353, Time: 00:03:21

Health: -7/45      AC:  6    Str: 20    XL:     4   Next: 85%
Magic:  3/3        EV: 11    Int:  6    God:
Gold:   83         SH:  0    Dex: 12    Spells: 3/3 levels left

rFire    . . .     SeeInvis .     - Unarmed
rCold    . . .     Gourm    +   (no shield)
rNeg     . . .     Faith    .   a - +0 robe
rPois    .         Spirit   .   (helmet restricted)
rElec    .         Reflect  .   (no cloak)
rCorr    .         Harm     .   (gloves unavailable)
MR       .....                  (boots unavailable)
Stlth    ++........             (no amulet)
HPRegen  0.55/turn              (no ring)
MPRegen  0.08/turn              (no ring)

@: lethally poisoned (-7 -> -8), stab, slowed, very slow
A: large, unfitting armour, claws 3, fast metabolism 3, gourmand, regeneration
1, shaggy fur 1, tough skin 3
a: no special abilities


You were on level 2 of the Dungeon.
You were completely stuffed.

You visited 1 branch of the dungeon, and saw 3 of its levels.

You collected 83 gold pieces.

Inventory:

Missiles
 c - 89 stones
 r - a large rock (quivered)
Armour
 a - a +0 robe (worn)
Jewellery
 l - an uncursed ring of positive energy {unknown}
Scrolls
 e - a scroll of magic mapping {unknown}
 f - a scroll of enchant weapon {unknown}
 h - a scroll of blinking {unknown}
 j - 2 scrolls of remove curse
 k - a scroll of identify {unknown}
 m - a scroll of teleportation {unknown}
Potions
 g - a potion of curing {unknown}
 i - a potion of flight {unknown}
 n - a potion of haste {unknown}
 o - a potion of heal wounds {unknown}
 p - a potion of cancellation {unknown}
Comestibles
 b - 2 rations
 q - a chunk of flesh


   Skills:
 - Level 3.0 Fighting
 - Level 3.0 Dodging
 + Level 1.8 Stealth
 + Level 3.9 Unarmed Combat


You had 3 spell levels left.
You didn't know any spells.
Your spell library was empty.

Dungeon Overview and Level Annotations

Branches:
Dungeon (3/15)

Altars:


Innate Abilities, Weirdness & Mutations

You are too large for most types of armour.
You have claws for hands.
Your metabolism is lightning-fast.
You like to eat raw meat.
Your natural rate of healing is unusually fast.
You are covered in fur. (AC +1)
You have extremely tough skin. (AC +3)


Message History

Throwing (i - inventory. (/) - cycle)
r - 2 large rocks (quivered)
Press: ? - help, Shift-Dir - straight line, f/p - hornet
Aim: a hornet (lightly wounded)
You throw a large rock. The large rock hits the hornet!
The hornet is heavily wounded.
You feel yourself speed up.
You feel sick. The hornet barely misses you. The hornet stings you.
You feel yourself slow down. The hornet completely misses you.
The hornet stings you!
* * * LOW HITPOINT WARNING * * *
You feel as though you will be slow longer.
The hornet stings you.
* * * LOW HITPOINT WARNING * * *
You suddenly lose the ability to move!
You can move again.
It was a potion of stabbing.
You feel ready to backstab.
* * * LOW HITPOINT WARNING * * *
You feel sick. The hornet closely misses you. The hornet stings you!
You die...

#........# ##.#
##.#####.#
##.#.###.#######..#
#...#.... ##....#
#.........##
###...... ##...###
##.......## #......
#...## #.......#
#...... #..##
#.......# #....).
#### #.......#
#...... #.......#
#...... #(...y@.#
##..... #########
##.... #####


You could see a hornet.

Vanquished Creatures
  An orc priest (D:2)
  A worker ant (D:2)
  An orc wizard (D:2)
  A gnoll (D:1)
  An adder (D:2)
  2 dart slugs
  A leopard gecko (D:1)
  An orc (D:2)
  3 bats
  4 giant cockroaches
  2 goblins
  2 hobgoblins
  3 frilled lizards
  3 kobolds
  2 rats (D:1)
28 creatures vanquished.

Notes
Turn   | Place    | Note
-------+----------+-------------------------------------------
     0 | D:1      | Kohma the Troll Monk began the quest for the Orb.
     0 | D:1      | Reached XP level 1. HP: 22/22 MP: 0/0
   200 | D:1      | Reached XP level 2. HP: 29/29 MP: 1/1
   800 | D:2      | Reached XP level 3. HP: 36/36 MP: 2/2
   913 | D:2      | Reached XP level 4. HP: 33/44 MP: 3/3
  1343 | D:3      | Noticed a hornet
  1345 | D:3      | Paralysed by a hornet for 1 turns
  1352 | D:2      | HP: 2/45 [hornet (5)]
  1352 | D:2      | Paralysed by a hornet for 1 turns
  1353 | D:2      | Mangled by a hornet

Levels and vault maps discovered:
D:1:      grunt_arrival_crossed_arrows, layout_loops_ring, serial_rivers,
          chequers_serial_rivers_micro_a, chequers_serial_rivers_small_a,
          chequers_serial_rivers_micro_d, chequers_serial_rivers_micro_e,
          chequers_serial_rivers_small_a, chequers_serial_rivers_micro_a
D:2:      layout_rooms
D:3:      layout_basic, biasface_ghost_orc_armoury

Skill      XL: |  1  2  3  4 |
---------------+-------------+-----
Fighting       | 3 |  3.0
Dodging        | 3 |  3.0
Stealth        | |  1.8
Unarmed Combat | |  3.9

Action                   |  1- 3 |  4- 6 || total
-------------------------+-------+-------++-------
Melee: Unarmed           |    64 |    33 ||    97
       Punch             |     1 |       ||     1
Throw: Large rock        |       |     2 ||     2
  Use: Scroll            |     1 |       ||     1
       Potion            |       |     1 ||     1
 Stab: Sleeping          |     2 |     1 ||     3
  Eat: Chunk             |    14 |     4 ||    18
Armor: Robe              |    19 |     8 ||    27
Dodge: Dodged            |    25 |    17 ||    42

Table legend:
 A = Non-vault XP
 B = Vault XP
 C = Vault XP percentage of total XP
 D = Non-vault monster count
 E = Vault monster count
 F = Vault count percentage of total count
                 A         B        C        D         E       F
            +---------+---------+-------+---------+---------+-------
      Total |     182 |       0 |   0.0 |      28 |       0 |   0.0
            +---------+---------+-------+---------+---------+-------
        D:1 |      36 |       0 |   0.0 |      13 |       0 |   0.0
        D:2 |     146 |       0 |   0.0 |      15 |       0 |   0.0
            +---------+---------+-------+---------+---------+-------
